 Dungeon Crawl Stone Soup version 0.28-a0-1128-gb845255321 (webtiles) character file.

Game seed: 2005909311429461076

0 Gargoyl the Skirmisher (level 1, -20/23 HPs)
             Began as a Gnoll Abyssal Knight on Dec 12, 2021.
             Was a Follower of Lugonu.
             Killed from afar by a smoke demon (21 damage)
             ... with a ball of steam
             ... on level 1 of the Abyss.
             The game lasted 00:00:22 (77 turns).

Gargoyl the Skirmisher (Gnoll Abyssal Knight)         Turns: 77, Time: 00:00:23

Health: -20/23     AC:  3    Str: 12    XL:     1   Next: 0%
Magic:  3/3        EV: 12    Int:  9    God:    Lugonu [*.....]
Gold:   0          SH:  0    Dex: 12    Spells: 0/0 levels left

rFire   . . .      SeeInvis .   a - +1 hand axe
rCold   . . .      Faith    .   (no shield)
rNeg    . . .      Spirit   .   b - +0 leather armour
rPois   .          Reflect  .   (no helmet)
rElec   .          Harm     .   (no cloak)
rCorr   .          Rampage  .   (no gloves)
Will    .....                   (no boots)
Stlth   +.........              (no amulet)
HPRegen 0.07/turn               (no ring)
MPRegen 0.08/turn               (no ring)

@: attractive
A: fangs 1, strong nose, distributed training
a: Renounce Religion, Depart the Abyss


You were on level 1 of the Abyss.
You worshipped Lugonu.
Lugonu was aware of your devotion.
You visited 0 branches of the dungeon, and saw 0 of its levels.
You visited the Abyss 1 time.

Inventory:

Hand Weapons
 a - a +1 hand axe (weapon)
Armour
 b - a +0 leather armour (worn)


   Skills:
 + Level 6.4 Fighting
 + Level 0.0 Short Blades
 + Level 0.0 Long Blades
 + Level 4.4 Axes
 + Level 0.0 Maces & Flails
 + Level 0.0 Polearms
 + Level 0.0 Staves
 + Level 0.0 Slings
 + Level 0.0 Bows
 + Level 0.0 Crossbows
 + Level 0.0 Throwing
 + Level 4.4 Armour
 + Level 2.3 Dodging
 + Level 0.0 Stealth
 + Level 0.0 Shields
 + Level 0.0 Unarmed Combat
 + Level 0.0 Spellcasting
 + Level 0.0 Conjurations
 + Level 0.0 Hexes
 + Level 0.0 Summonings
 + Level 0.0 Necromancy
 + Level 0.0 Translocations
 + Level 0.0 Transmutations
 + Level 0.0 Fire Magic
 + Level 0.0 Ice Magic
 + Level 0.0 Air Magic
 + Level 0.0 Earth Magic
 + Level 0.0 Poison Magic
 + Level 4.4 Invocations
 + Level 0.0 Evocations


You couldn't memorise any spells.
You didn't know any spells.
Your spell library was empty.

Dungeon Overview and Level Annotations

Branches:
Dungeon (0/15)

Altars:


Innate Abilities, Weirdness & Mutations

You have very sharp teeth.
Your uncanny sense of smell can sniff out nearby items.
Your experience applies equally to all skills.


Message History

c - an amethyst potion It was a potion of attraction.
You feel attractive to monsters.
The smoke demon is attracted toward you.
You closely miss the smoke demon. The smoke demon gestures at you.
The ball of steam hits you!
Ouch! That really hurt!
Unknown command.
The smoke demon gestures at you. The sticky flame misses you.
The smoke demon is attracted toward you.
Unknown command.
Unknown command.
The smoke demon gestures at you. The ball of steam hits you!
* * * LOW HITPOINT WARNING * * *
The smoke demon is attracted toward you.
An iron imp comes into view.
The iron imp shouts, "Out, out, thou villainous tip-merry cross-patch!"
The iron imp is attracted toward you.
Unknown command.
Unknown command.
You hit the iron imp but do no damage.
A lurking horror comes into view.
The iron imp hits you.
* * * LOW HITPOINT WARNING * * *
The lurking horror is attracted toward you.
Unknown command.
The lurking horror is attracted toward you.
You feel a surge of unholy energy.
The smoke demon is attracted toward you.
Unknown command.
Unknown command.
Unknown command.
Unknown command.
The smoke demon gestures at you. The ball of steam hits you!!
Ouch! That really hurt!
You die...

. #....§§#.#. ..
..
##.####..##.#.
..#...##.#.##...
#.#...§#.§..###
#..#......#..#
#.#...#.###....
#...53.......#.
#...#§.## ..
###.#@## .#
#........#...
###......# .#
###.##.# #.. .#
... . .#. . . .#
##


You could see a smoke demon and an iron imp.

Vanquished Creatures (others)
  A lurking horror (Abyss:1)
1 creature vanquished.

Notes
Turn   | Place    | Note
-------+----------+-------------------------------------------
     0 | Abyss:1  | Gargoyl the Gnoll Abyssal Knight began the quest for the
                  | Orb.
     0 | Abyss:1  | Reached XP level 1. HP: 23/23 MP: 3/3
    15 | Abyss:1  | Noticed an oklob plant
    64 | Abyss:1  | Noticed a smoke demon
    69 | Abyss:1  | HP: 1/23 [smoke demon/ball of steam (7)]
    70 | Abyss:1  | Noticed an iron imp
    77 | Abyss:1  | Killed from afar by a smoke demon

Illustrated notes

Levels and vault maps discovered:
Abyss:1:  base: Temple, minivault_28, base:
Temple

Action                   || total
-------------------------++-------
Melee: Hand axe          ||     2
  Use: Potion            ||     1
Dodge: Dodged            ||     1

Table legend: (Time is in decaauts)
 A = Elapsed time spent in this place.
 B = Non-inter-level travel time spent in this place.
 C = Inter-level travel time spent in this place.
 D = Time resting spent in this place.
 E = Time spent auto-exploring this place.
 F = Levels seen in this place.
 G = Mean time per level.
                   A        B        C        D        E       F      G
               +--------+--------+--------+--------+--------+-----+--------+
         Total |     77 |     77 |      0 |      0 |     14 |   1 |   77.0 |
         Abyss |     77 |     77 |      0 |      0 |     14 |   1 |   77.0 |
               +--------+--------+--------+--------+--------+-----+--------+

Top non-repeatable levels by time:
 Abyss:1: 77 daAuts
